 Dungeon Crawl Stone Soup version 0.14-a0-1837-g7fb8695 (webtiles) character file.

203 M4edhros the Magician (level 4, 0/28 HPs)
             Began as an Octopode Arcane Marksman on Jan 10, 2014.
             Succumbed to an adder's poison
             ... on Level 3 of the Dungeon.
             The game lasted 00:05:48 (2085 turns).

M4edhros the Magician (Octopode Arcane Marksman)    Turns: 2085, Time: 00:05:48

HP   0/28        AC  1     Str 15      XL: 4   Next: 67%
MP   9/9         EV 12     Int 16      God:
Gold 107         SH  0     Dex 11      Spells:  2 memorised,  6 levels left

rFire  . . .     SeeInvis .     n - +0 sling
rCold  + + .     Clarity  .     (no shield)
rNeg   . . .     Conserve .     i - +0 cap
rPois  .         rCorr    .     (no amulet)
rElec  .         rRot     .     g - ring of protection from cold
SustAb . .       Spirit   .     k - ring of protection from cold
rMut   .         Warding  .     (no ring)
Saprov . . .     Stasis   .     (no ring)
                                (no ring)
                                (no ring)
                                (no ring)
                                (no ring)

@: mighty, mildly poisoned, slightly resistant to hostile enchantments, fairly
stealthy
A: almost no armour, amphibious, 8 rings, constrict 8, spike 2, camouflage 1,
berserk 1, gelatinous body 1
a: no special abilities


You were on level 3 of the Dungeon.
You were not hungry.

You visited 1 branch of the dungeon, and saw 3 of its levels.

You collected 107 gold pieces.

Inventory:

Hand weapons
 a - a -1,+3 orcish dagger of speed
 b - a +0,+0 sling
 n - a +0,+0 sling (weapon)
Missiles
 c - 18 sling bullets
 e - 5 stones (quivered)
Armour
 i - a +0 cap (worn)
Comestibles
 f - 3 bread rations
 q - a chunk of giant gecko flesh
Scrolls
 h - a scroll of identify
 j - a scroll of remove curse {unknown}
 m - a scroll of curse jewellery {unknown}
 o - a scroll of curse armour {unknown}
Jewellery
 g - a ring of protection from cold (left tentacle)
 k - a ring of protection from cold (right tentacle)
Books
 d - a book of Debilitation

   Spells                             Type                      Level
   *Corona                            Hexes                        1
   *Slow                              Hexes                        2
   Inner Flame                        Hexes/Fire                   3
   Enslavement                        Hexes                        4
   Cause Fear                         Hexes                        4
   Leda's Liquefaction                Hexes/Earth                  4


   Skills:
 - Level 1.0 Fighting
 + Level 2.5 Slings
 - Level 2.0 Dodging
 + Level 1.7 Unarmed Combat
 * Level 3.1 Spellcasting
 - Level 3.0 Hexes


You had 6 spell levels left.
You knew the following spells:

 Your Spells              Type           Power        Failure   Level  Hunger
a - Corona                Hex            ##.....      8%          1    None
b - Slow                  Hex            ##......     10%         2    ##.....


Dungeon Overview and Level Annotations

Branches:
Dungeon (3/16)

Altars:


Innate Abilities, Weirdness & Mutations

You cannot wear most types of armour.
You are amphibious.
You can wear up to eight rings at the same time.
You can use your tentacles to constrict many enemies at once.
Your skin changes colour to match your surroundings (Stlth).
Your rubbery body absorbs attacks (AC +1).
One of your tentacles bears a nasty spike.
You tend to lose your temper in combat.


Message History

Your tentacle spike misses the adder.
The adder is severely wounded.
The adder bites you.
* * * LOW HITPOINT WARNING * * *
The adder bites you but does no damage.
You closely miss the adder. You grab the adder. You squeeze the adder.
You kill the adder!
e - 5 stones (gained 1)
A goblin comes into view. It is wielding an orcish dagger.
You see here a stone.
A goblin is nearby!
A goblin is nearby!
* * * LOW HITPOINT WARNING * * *
You feel sick.
You start resting.
* * * LOW HITPOINT WARNING * * *
You feel sick.
You feel a little better.
You start resting.
You die...

#(# # . #.## .# #.# ##
..#.#.## #.####
#.##..#..... #.#.. .
....#.#..# #.#.# #.
#......g# #.#.#
#.##.(#.####.# #######.#.#
#.#.......... ..........##
#.@.######.#
..#........#####.#######.##
..#.###.##%............#..#
.........#..####.#####.##.#
....###..#..# #..# #.##.#
....# #..#..# #..# ##.##.#
....# #..#..# #..# ##...#.#
....###..#..###..###......#
#.####....................#


There were no monsters in sight!

Vanquished Creatures
  A gnoll (D:1)
  3 adders
  2 worms (D:2)
  A giant mite (D:2)
  2 giant geckos
  4 bats (D:2)
  3 giant cockroaches
  5 goblins
  2 hobgoblins
  9 jackals (D:2)
  5 kobolds
  2 giant newts
  4 rats
43 creatures vanquished.

Notes
Turn   | Place    | Note
--------------------------------------------------------------
     0 | D:1      | M4edhros, the Octopode Arcane Marksman, began the quest for the Orb.
     0 | D:1      | Reached XP level 1. HP: 13/13 MP: 2/2
   174 | D:1      | Gained mutation: You tend to lose your temper in combat. [potion of mutation]
   174 | D:1      | Gained mutation: One of your tentacles bears a spike. [potion of mutation]
   174 | D:1      | Gained mutation: One of your tentacles bears a nasty spike. [potion of mutation]
   176 | D:1      | Reached XP level 2. HP: 12/18 MP: 3/3
   242 | D:1      | Learned a level 2 spell: Slow
   765 | D:1      | Reached XP level 3. HP: 23/23 MP: 6/6
  1178 | D:2      | Reached skill level 1 in Unarmed Combat
  1422 | D:2      | Reached XP level 4. HP: 20/28 MP: 8/8
  2082 | D:3      | HP: 1/28 [poisoned by an adder]
  2085 | D:3      | Succumbed to an adder's poison

Action                   |  1- 3 |  4- 6 || total
-------------------------+-------+-------++-------
Melee: Dagger            |     7 |       ||     7
       Unarmed           |    65 |       ||    65
       Sling             |     1 |    12 ||    13
 Fire: Sling             |    17 |    75 ||    92
  Use: Potion            |     3 |     1 ||     4
       Scroll            |     2 |       ||     2
 Stab: Sleeping          |     4 |       ||     4
